 Dungeon Crawl Stone Soup version 0.17.0-19-gb37c632 (webtiles) character file.

132 Azhtabak the Cudgeler (level 4, -7/40 HPs)
             Began as a Deep Elf Berserker on Nov 12, 2015.
             Was a Believer of Trog.
             Killed from afar by a battlesphere (13 damage)
             ... created by a deep elf mage
             ... on level 6 of the Dungeon.
             The game lasted 00:19:05 (2849 turns).

Azhtabak the Cudgeler (Deep Elf Berserker)          Turns: 2849, Time: 00:19:07

Health: -7/40      AC:  9    Str: 19    XL:     4   Next: 92%
Magic:  6/6        EV: 12    Int: 12    God:    Trog [**....]
Gold:   152        SH:  0    Dex: 15    Spells: 0 memorised, 3 levels left

rFire  . . .     SeeInvis .     a - +0 mace
rCold  . . .     Clarity  .     s - +0 ring mail
rNeg   . . .     SustAt   .     (no shield)
rPois  .         Gourm    .     (no helmet)
rElec  .         Spirit   .     (no cloak)
rCorr  .         Warding  .     (no gloves)
rMut   .         Stasis   .     b - +0 pair of boots
MR     .....                    (no amulet)
Stlth  ..........               (no ring)
                                f - +3 ring of protection

@: berserking (expiring), very quick, not resistant to hostile enchantments,
extremely unstealthy
A: no striking features
a: Berserk, Trog's Hand, Burn Spellbooks, Renounce Religion


You were on level 6 of the Dungeon.
You worshipped Trog.
Trog was pleased with you.
You were not hungry.

You visited 1 branch of the dungeon, and saw 4 of its levels.

You collected 152 gold pieces.

Inventory:

Hand Weapons
 a - a +0 mace (weapon)
Missiles
 e - 123 stones (quivered)
 h - 14 poisoned needles
 j - 11 poisoned sling bullets
 q - 3 tomahawks
Armour
 b - a +0 pair of boots (worn)
 s - a +0 ring mail (worn)
Jewellery
 f - a +3 ring of protection (left hand)
 p - an uncursed ring of fire
 y - an uncursed ring of protection from cold {unknown}
Scrolls
 g - a scroll of blinking {unknown}
 i - a scroll of amnesia {unknown}
 k - 2 scrolls of remove curse
 l - a scroll of teleportation {unknown}
 u - a scroll of identify {unknown}
 v - a scroll of enchant armour {unknown}
 x - a scroll of recharging {unknown}
Potions
 n - a potion of heal wounds {unknown}
 o - 3 potions of curing
 r - a potion of lignification {unknown}
 t - 2 potions of flight {unknown}
Comestibles
 c - 2 bread rations
 d - a meat ration
 m - 12 chunks of flesh
 w - 3 fruits


   Skills:
 - Level 2.4 Fighting
 + Level 4.0 Maces & Flails
 - Level 1.5 Armour
 - Level 3.2 Dodging


You had 3 spell levels left.
You didn't know any spells.

Dungeon Overview and Level Annotations

Branches:
Dungeon (6/15)
 Temple: D:4-7

Altars:
Dithmenos
Nemelex Xobeh

Shops:
D:6 =[*

Annotations:
D:2 1 exclusion


Message History

The deep elf mage is heavily wounded.
The orc misses you.
You sock the orc!
You kill the orc!
Trog accepts your kill. The deep elf mage casts a spell at you.
The orb of energy hits you!
Ouch! That really hurt!
The orb of energy explodes!
The battlesphere fires!
The barrage of energy hits you!
You hit the deep elf mage.
The deep elf mage is severely wounded.
The deep elf mage hits you but does no damage.
You hit the deep elf mage.
The deep elf mage is almost dead.
The deep elf mage points at you and mumbles some strange words.
The magic dart hits you!
* * * LOW HITPOINT WARNING * * *
The battlesphere fires!
The barrage of energy hits you!
You die...

#....# .. #....##..... .§
#........... §.§####......
.... .....##...*# .....
.._..§...#.∩...##.....
§§§..§§..>..[:.........
§§..§§ #...[@e........
§§...§§ #.##+##..##...
#§§.§§# #.##.##⌠.⌠#...
#####§§.####.......∩......
#..##.............⌠.⌠.....
#..##...>.......(....#....
)...[...............##....
....)................. ...
...##...###....###..##. ..


You could see a deep elf mage.

Vanquished Creatures
  An orc wizard (D:6)
  3 adders (D:2)
  An ooze (D:1)
  2 worms (D:3)
  3 giant geckos
  5 orcs
  4 bats
  A giant cockroach (D:3)
  8 hobgoblins
  6 jackals
  A quokka (D:2)
  2 giant newts
  7 goblins
  3 kobolds
  9 rats
56 creatures vanquished.

Notes
Turn   | Place    | Note
--------------------------------------------------------------
     0 | D:1      | Azhtabak the Deep Elf Berserker began the quest for the Orb.
     0 | D:1      | Reached XP level 1. HP: 13/13 MP: 3/3
   550 | D:1      | Reached XP level 2. HP: 18/18 MP: 4/4
  1297 | D:2      | Reached ** piety under Trog
  1297 | D:2      | Reached XP level 3. HP: 18/22 MP: 5/5
  1352 | D:2      | Found a sparkling altar of Nemelex Xobeh.
  1446 | D:2      | Reached skill level 3 in Maces & Flails
  1910 | D:2      | Reached XP level 4. HP: 25/27 MP: 6/6
  2703 | D:3      | You fall through a shaft for 3 floors!
  2757 | D:6      | Found Firr's Jewellery Emporium.
  2759 | D:6      | Found a shadowy altar of Dithmenos.
  2789 | D:6      | Reached skill level 4 in Maces & Flails
  2824 | D:6      | Found Kymu's General Store.
  2831 | D:6      | Found Wigheq's Antique Armour Emporium.
  2831 | D:6      | Noticed a deep elf mage
  2849 | D:6      | Killed from afar by a battlesphere

Action                   |  1- 3 |  4- 6 || total
-------------------------+-------+-------++-------
Melee: Mace              |   100 |    97 ||   197
Throw: Stone             |    52 |    35 ||    87
Invok: Berserk           |     6 |     2 ||     8
       Trog's Hand       |       |     2 ||     2
  Use: Scroll            |     1 |       ||     1
       Potion            |     1 |       ||     1
  Eat: Chunk             |     8 |     4 ||    12
       Pizza             |     1 |       ||     1
